 Dungeon Crawl Stone Soup version 0.17.0-28-g6e173f8 (webtiles) character file.

1083 lorenzova the Destroyer (level 8, 0/61 HPs)
             Began as a Deep Elf Conjurer on Nov 30, 2015.
             Was a Believer of Vehumet.
             Slain by a killer bee (4 damage)
             ... on level 5 of the Dungeon.
             The game lasted 00:17:52 (5398 turns).

lorenzova the Destroyer (Deep Elf Conjurer)         Turns: 5398, Time: 00:17:52

Health: 0/61       AC: 24    Str:  5    XL:     8   Next: 8%
Magic:  29/29      EV:  2    Int: 28    God:    Vehumet [**....]
Gold:   256        SH:  0    Dex: 15    Spells: 4 memorised, 12 levels left

rFire  . . .     SeeInvis .     w - +2 quarterstaff (chaos)
rCold  . . .     Clarity  .     (armour currently unavailable)
rNeg   + + +     SustAt   .     (shield currently unavailable)
rPois  +         Gourm    .     (helmet currently unavailable)
rElec  .         Spirit   .     (cloak currently unavailable)
rCorr  .         Warding  .     (gloves currently unavailable)
rMut   .         NoTele   +     (boots currently unavailable)
MR     .....                    (no amulet)
Stlth  +++.......               (no ring)
                                y - ring of magical power

@: brilliant, lethally poisoned (0 -> -26), tree-form, not resistant to hostile
enchantments, fairly stealthy
A: no striking features
a: Renounce Religion


You were on level 5 of the Dungeon.
You worshipped Vehumet.
Vehumet was pleased with you.
You were not hungry.
You were a tree.
You visited 1 branch of the dungeon, and saw 5 of its levels.

You collected 256 gold pieces.

Inventory:

Hand Weapons
 w - a +2 quarterstaff of chaos (weapon)
Armour
 a - a +1 helmet (melded)
 r - a +0 pair of gloves (melded)
 x - a +0 cloak (melded)
 F - a +2 robe of cold resistance (melded)
Jewellery
 y - a ring of magical power (left branch)
Wands
 v - a wand of digging (10)
Scrolls
 d - 10 scrolls of identify {unknown}
 e - 3 scrolls of magic mapping {unknown}
 h - 4 scrolls of remove curse
 i - 2 scrolls of noise {unknown}
 k - 3 scrolls of enchant weapon {unknown}
 l - 3 scrolls of blinking {unknown}
 o - a scroll of teleportation {unknown}
 p - a scroll of enchant armour {unknown}
 s - a scroll of fear {unknown}
 t - a scroll of amnesia {unknown}
 D - a scroll of fog {unknown}
Potions
 g - a potion of brilliance
 j - a potion of magic
 q - a potion of lignification
 u - a potion of curing {unknown}
 A - a potion of invisibility {unknown}
 B - a potion of cure mutation {unknown}
 C - a potion of degeneration {unknown}
 E - a potion of might {unknown}
Books
 b - a book of Conjurations

   Spells                             Type                      Level
   a - Magic Dart                     Conjuration                  1
   b - Searing Ray                    Conjuration                  2
   c - Dazzling Spray                 Conjuration/Hexes            3
   d - Fulminant Prism                Conjuration/Hexes            4
   e - Iskenderun's Mystic Blast      Conjuration                  4
   f - Iskenderun's Battlesphere      Conjuration/Charms           5
 G - a book of Alchemy

   Spells                             Type                      Level
   a - Sublimation of Blood           Necromancy                   2
   b - Ignite Poison                  Fire/Transmutation/Poison    3
   c - Alistair's Intoxication        Transmutation/Poison         4
   d - Condensation Shield            Ice                          4
   e - Petrify                        Transmutation/Earth          4
   f - Irradiate                      Conjuration/Transmutation    5
Comestibles
 c - 3 bread rations
 f - 2 beef jerkies
 n - 2 meat rations
 z - 2 chunks of flesh


   Skills:
 - Level 2.4 Dodging
 - Level 2.4 Stealth
 + Level 7.1 Spellcasting
 * Level 9.9 Conjurations


You had 12 spell levels left.
You knew the following spells:

 Your Spells              Type           Power        Failure   Level  Hunger
a - Magic Dart            Conj           ####         1%          1    None
d - Dazzling Spray        Conj/Hex       ######..     1%          3    None
x - Iskenderun's Mystic   Conj           ######..     1%          4    ##.....
z - Flame Tongue          Conj/Fire      #####        1%          1    None


Dungeon Overview and Level Annotations

Branches:
Dungeon (5/15)             Temple (0/1) D:4

Altars:
Ashenzari
Elyvilon
Sif Muna
Vehumet
Zin


Message History

Your +0 pair of gloves melds into your body.
Your +2 robe of cold resistance melds into your body.
You feel less resistant to cold.
Your roots penetrate the ground.
You feel sick. The killer bee stings you.
* * * LOW HITPOINT WARNING * * *
The killer bee stings you.
* * * LOW HITPOINT WARNING * * *
The killer bee stings you but does no damage.
The killer bee stings you.
* * * LOW HITPOINT WARNING * * *
Drink which item? (? for menu, Esc to quit)
It was a potion of flight.
Your roots keep you in place.
* * * LOW HITPOINT WARNING * * *
You feel sick.
The killer bee stings you but does no damage. x2
The killer bee stings you.
* * * LOW HITPOINT WARNING * * *
You are more poisoned.
The killer bee poisons you! The killer bee stings you.
You die...

.##.....# ........#
..........
####...##.......... #
##.## #.#......#
#####.####.#..#...#
.#......##.#......#
....<....#.#.....%#######
.........#.#...#..#.....#
#........#.#.<.#♣.#.....#
#............#.#yy#.....#
#.........yyy..yy.#.....#
#.................#.....#
##......#y.#.##.#)#.....#
##....###..#.##.#.......#
#.....###..#.##....[....#
......##...#.###..#.....#
..........##.# #........#


You could see 4 killer bees.

Vanquished Creatures
  Grinder (D:4)
  An ogre (D:5)
  A giant frog (D:5)
  A scorpion (D:5)
  A killer bee (D:5)
  The ghost of HEYYEYAAE the Changer, a weakling SpTm (D:4)
  2 worker ants (D:4)
  Crazy Yiuf (D:2)
  3 orc priests
  A centaur skeleton (D:5)
  5 orc wizards
  Terence (D:2)
  Robin (D:3)
  6 adders
  3 gnolls (D:4)
  3 river rats (D:4)
  2 oozes
  An adder skeleton (D:4)
  3 worms
  16 orcs
  A giant cockroach (D:3)
  9 hobgoblins
  13 kobolds
  3 quokkas (D:2)
  2 ball pythons
  5 bats
  5 giant geckos
  A giant gecko skeleton (D:5)
  3 giant newts
  18 goblins
  10 jackals
  8 rats
  6 plants (D:4)
138 creatures vanquished.

Notes
Turn   | Place    | Note
--------------------------------------------------------------
     0 | D:1      | lorenzova the Deep Elf Conjurer began the quest for the Orb.
     0 | D:1      | Reached XP level 1. HP: 10/10 MP: 6/6
   595 | D:1      | Reached XP level 2. HP: 15/15 MP: 5/8
   895 | D:1      | Reached skill level 5 in Conjurations
  1175 | D:2      | Reached XP level 3. HP: 19/19 MP: 5/10
  1180 | D:2      | Learned a level 3 spell: Dazzling Spray
  1393 | D:2      | Reached XP level 4. HP: 24/24 MP: 8/11
  1464 | D:2      | Learned a level 4 spell: Iskenderun's Mystic Blast
  1788 | D:2      | Reached skill level 6 in Conjurations
  1789 | D:2      | Noticed Terence
  1800 | D:2      | Killed Terence
  2013 | D:2      | Found a deep blue altar of Sif Muna.
  2013 | D:2      | Found a shattered altar of Ashenzari.
  2015 | D:2      | Found a white marble altar of Elyvilon.
  2017 | D:2      | Found a radiant altar of Vehumet.
  2018 | D:2      | Found a glowing silver altar of Zin.
  2026 | D:2      | Found a faded altar to an unknown god.
  2032 | D:2      | Became a worshipper of Vehumet
  2071 | D:2      | Noticed Crazy Yiuf
  2077 | D:2      | Killed Crazy Yiuf
  2077 | D:2      | Reached XP level 5. HP: 28/28 MP: 3/13
  2731 | D:3      | Noticed Robin
  3045 | D:3      | Reached * piety under Vehumet
  3045 | D:3      | Offered knowledge of Flame Tongue by Vehumet.
  3048 | D:3      | Learned a level 1 spell: Flame Tongue
  3231 | D:3      | Killed Robin
  3399 | D:4      | Noticed Grinder
  3400 | D:4      | Paralysed by Grinder for 5 turns
  3412 | D:4      | Noticed HEYYEYAAE's ghost (weakling SpTm)
  3413 | D:4      | Killed Grinder
  3413 | D:4      | Reached skill level 5 in Spellcasting
  3413 | D:4      | Reached skill level 7 in Conjurations
  3413 | D:4      | Reached XP level 6. HP: 17/32 MP: 12/16
  3670 | D:4      | Killed HEYYEYAAE's ghost
  3682 | D:4      | Reached skill level 8 in Conjurations
  3814 | D:4      | Reached XP level 7. HP: 36/36 MP: 17/17
  3882 | D:4      | Found a staircase to the Ecumenical Temple.
  4144 | D:4      | Offered knowledge of Shock by Vehumet.
  4196 | D:4      | Reached ** piety under Vehumet
  4750 | D:5      | Entered Level 5 of the Dungeon
  4770 | D:5      | Found a deep blue altar of Sif Muna.
  4780 | D:5      | Reached skill level 9 in Conjurations
  5270 | D:5      | Reached XP level 8. HP: 41/41 MP: 20/20
  5398 | D:5      | Slain by a killer bee

Action                   |  1- 3 |  4- 6 |  7- 9 || total
-------------------------+-------+-------+-------++-------
Melee: Dagger            |     6 |     6 |       ||    12
       Quarterstaff      |       |     1 |    91 ||    92
 Cast: Magic Dart        |    47 |   125 |    41 ||   213
       Dazzling Spray    |     1 |     3 |       ||     4
       Flame Tongue      |       |    16 |    74 ||    90
       Iskenderun's Myst |       |     1 |       ||     1
  Use: Potion            |       |       |     4 ||     4
       Scroll            |       |       |     1 ||     1
 Stab: Sleeping          |       |     1 |       ||     1
  Eat: Chunk             |     1 |     8 |     5 ||    14
